 Dungeon Crawl Stone Soup version 0.19.1 (webtiles) character file.

675 SQman the Skirmisher (level 7, -6/66 HPs)
             Began as a Hill Orc Wanderer on Dec 16, 2016.
             Was an Initiate of Beogh.
             Mangled by ImaNewbie's ghost (9 damage)
             ... on level 5 of the Dungeon.
             The game lasted 00:34:27 (5315 turns).

SQman the Skirmisher (Hill Orc Wanderer)            Turns: 5315, Time: 00:34:28

Health: -6/66      AC: 17    Str: 17    XL:     7   Next: 59%
Magic:  7/7        EV:  5    Int: 10    God:    Beogh [......]
Gold:   325        SH: 14    Dex: 10    Spells: 0 memorised, 6 levels left

rFire  . . .     SeeInvis .     l - +4 dagger
rCold  . . .     Gourm    .     e - +2 chain mail
rNeg   . . .     Faith    .     a - +0 shield
rPois  .         Spirit   .     (no helmet)
rElec  .         Reflect  +     (no cloak)
rCorr  .         Harm     .     w - +0 pair of gloves
MR     .....     Clarity  +     m - +2 pair of boots
Stlth  ..........               v - +5 amulet of reflection
                                (no ring)
                                (no ring)

@: no status effects
A: clarity, shaggy fur 1, weak 1
a: Renounce Religion


You were on level 5 of the Dungeon.
You worshipped Beogh.
Beogh was noncommittal.
You were hungry.

You visited 1 branch of the dungeon, and saw 5 of its levels.

You collected 325 gold pieces.

Inventory:

Hand Weapons
 c - a +1 dagger of venom
 l - a +4 dagger (weapon)
 t - a +0 morningstar
Missiles
 s - 4 javelins (quivered)
Armour
 a - a +0 shield (worn)
 e - a +2 chain mail (worn)
 m - a +2 pair of boots (worn)
 w - a +0 pair of gloves (worn)
Jewellery
 k - an uncursed amulet of rage
 v - a +5 amulet of reflection (around neck)
Wands
 q - a wand of slowing (23/48)
Scrolls
 p - 2 scrolls of teleportation
Potions
 r - a potion of brilliance
Comestibles
 b - a chunk of flesh
 f - 4 bread rations
 i - a meat ration
 o - a beef jerky


   Skills:
 + Level 7.2 Fighting
 + Level 3.9 Short Blades
 + Level 1.3 Maces & Flails
   Level 1.9 Polearms
 + Level 1.0 Throwing
 + Level 5.0 Armour
 + Level 0.2 Dodging
 + Level 0.5 Stealth
 + Level 4.0 Shields
 + Level 1.1 Evocations


You had 6 spell levels left.
You didn't know any spells.

Dungeon Overview and Level Annotations

Branches:
Dungeon (5/15)
 Temple: D:4-7

Altars:

Annotations:
D:5 ImaNewbie's ghost, novice FoFi


Innate Abilities, Weirdness & Mutations

You possess an exceptional clarity of mind.
You are covered in fur. (AC +1)
You are weak. (Str -2)


Message History

You block ImaNewbie's ghost's attack.
You hit ImaNewbie's ghost but do no damage.
ImaNewbie's ghost is severely damaged.
You closely miss ImaNewbie's ghost.
ImaNewbie's ghost is severely damaged.
ImaNewbie's ghost hits you.
* * * LOW HITPOINT WARNING * * *
You hit ImaNewbie's ghost but do no damage.
ImaNewbie's ghost is severely damaged.
ImaNewbie's ghost hits you but does no damage.
You hit ImaNewbie's ghost.
ImaNewbie's ghost is severely damaged.
You block ImaNewbie's ghost's attack.
You hit ImaNewbie's ghost.
ImaNewbie's ghost is almost destroyed.
ImaNewbie's ghost hits you but does no damage.
You hit ImaNewbie's ghost but do no damage.
ImaNewbie's ghost is almost destroyed.
ImaNewbie's ghost hits you!
You die...

...## #........# ##.#
#.....##.# #.# #.....##.#
##'## #....###.# #...##
#.#.####.# .....##
#......<.# ......##
###.######
.......####...#########...
.......'........@W...(....
.......####...##########..
......## ##.## .....## #.#
#...########.#
##........##.#
#.######.##.## #.# #.##..#
##.######.###.#


You could see ImaNewbie's ghost.

Vanquished Creatures
  Menkaure (D:5)
  2 ogres
  A centaur (D:5)
  A hound (D:4)
  A centaur skeleton (D:3)
  2 worker ants (D:4)
  2 orc wizards
  A gnoll (D:4)
  7 adders
  3 worms
  A dart slug (D:3)
  5 leopard geckos
  9 orcs
  9 bats
  3 giant cockroaches
  8 goblins
  7 hobgoblins
  2 quokkas
  A ball python (D:4)
  5 frilled lizards
  A giant cockroach zombie (D:5)
  9 kobolds
  7 rats
88 creatures vanquished.

Vanquished Creatures (others)
  An orc priest (D:4)
  An orc (D:4)
2 creatures vanquished.

Grand Total: 90 creatures vanquished

Notes
Turn   | Place    | Note
-------+----------+-------------------------------------------
     0 | D:1      | SQman the Hill Orc Wanderer began the quest for the Orb.
     0 | D:1      | SQman set off with: a +0 shield, a +0 spear, a potion of lignification, a +0 robe, a bread ration
     0 | D:1      | Reached XP level 1. HP: 24/24 MP: 1/1
   170 | D:1      | Gained mutation: You are weak. (Str -2) [potion of mutation]
   170 | D:1      | Gained mutation: You are covered in fur. (AC +1) [potion of mutation]
   170 | D:1      | Gained mutation: You possess an exceptional clarity of mind. [potion of mutation]
   206 | D:1      | Reached XP level 2. HP: 24/30 MP: 2/2
   777 | D:1      | Reached XP level 3. HP: 38/38 MP: 3/3
  1150 | D:2      | Reached skill level 1 in Polearms
  1639 | D:2      | Reached XP level 4. HP: 44/45 MP: 4/4
  2649 | D:3      | Reached skill level 1 in Short Blades
  2748 | D:3      | Reached XP level 5. HP: 46/51 MP: 5/5
  2977 | D:3      | Noticed an ogre
  2991 | D:3      | Killed an ogre
  3500 | D:4      | Became a worshipper of Beogh the Brigand
  3569 | D:4      | Reached XP level 6. HP: 46/58 MP: 6/6
  3851 | D:4      | Reached skill level 7 in Fighting
  4315 | D:4      | Reached XP level 7. HP: 66/66 MP: 7/7
  4615 | D:5      | Entered Level 5 of the Dungeon
  4640 | D:5      | Reached skill level 1 in Throwing
  4838 | D:5      | Noticed Menkaure
  4852 | D:5      | Killed Menkaure
  4852 | D:5      | Reached skill level 1 in Maces & Flails
  4984 | D:5      | Reached skill level 5 in Armour
  4987 | D:5      | Gained mutation: You are resistant to hostile enchantments. (MR+) [potion of mutation]
  4987 | D:5      | Lost mutation: You are resistant to hostile enchantments. (MR+) [potion of mutation]
  5262 | D:5      | Noticed ImaNewbie's ghost (novice FoFi)
  5311 | D:5      | HP: 3/66 [ImaNewbie's ghost (2)]
  5315 | D:5      | Mangled by ImaNewbie's ghost

Skill      XL: |  1  2  3  4  5  6  7 |
---------------+----------------------+-----
Polearms       | 1 |  1.9
Shields        | 2 3 4 |  4.0
Short Blades   | 1 2 3 |  3.9
Armour         | 4 5 |  5.0
Fighting       | 7 |  7.2
Throwing       | 1 |  1.0
Maces & Flails | 1 |  1.3
Dodging        | |  0.2
Stealth        | |  0.5
Evocations     | |  1.1

Action                   |  1- 3 |  4- 6 |  7- 9 || total
-------------------------+-------+-------+-------++-------
Melee: Spear             |   147 |       |       ||   147
       Dagger            |    33 |   183 |   104 ||   320
       Morningstar       |       |    17 |       ||    17
Throw: Stone             |       |    10 |       ||    10
       Javelin           |       |       |     1 ||     1
Invok: Convert to Beogh  |       |     1 |       ||     1
 Abil: Evoke Berserk Rag |       |     1 |       ||     1
Evoke: Wand              |       |       |     1 ||     1
  Use: Scroll            |     6 |    10 |     2 ||    18
       Potion            |     3 |     2 |     2 ||     7
  Eat: Meat ration       |     1 |       |       ||     1
       Bread ration      |       |     2 |       ||     2
       Chunk             |       |     1 |       ||     1
Armor: Chain mail        |   130 |    81 |    26 ||   237
       Skin              |       |    13 |       ||    13
Dodge: Dodged            |    30 |    25 |     7 ||    62
Block: Shield            |    95 |    76 |    37 ||   208
       Reflection        |       |     3 |     1 ||     4
